 Dungeon Crawl Stone Soup version 0.18.1-6-gd335043 (webtiles) character file.

99032 Moloch the Phalangite (level 16, -7/143 HPs)
             Began as a Hill Orc Fighter on May 19, 2016.
             Was the Champion of Beogh.
             Mangled by a spark wasp (12 damage)
             ... on level 1 of the Depths.
             The game lasted 01:26:59 (26997 turns).

Moloch the Phalangite (Hill Orc Fighter)           Turns: 26997, Time: 01:27:00

Health: -7/143     AC: 26    Str: 26    XL:     16   Next: 24%
Magic:  14/14      EV:  7    Int:  9    God:    Beogh [******]
Gold:   1887       SH: 23    Dex: 15    Spells: 0 memorised, 15 levels left

rFire  + + .     SeeInvis .     s - +6 trident (pierce)
rCold  + + .     Gourm    .     o - +1 plate armour of Muguip {rF+ rC+}
rNeg   . . .     Faith    .     R - +0 large shield {AC+3}
rPois  .         Spirit   .     i - +1 helmet {Int+3}
rElec  .         Dismiss  .     j - +2 cloak {rF+}
rCorr  .         Reflect  .     a - +0 pair of gloves {Dex+3}
SustAt .         Harm     .     K - +1 pair of boots
MR     +....                    (no amulet)
Stlth  ..........               V - ring of protection from fire
                                S - ring of ice

@: studying Stealth, somewhat resistant to hostile enchantments, extremely
unstealthy
A: walk on water, icy blue scales 1, thin skeletal structure 1, deformed body,
dopey 1, low mp 1, wild magic 1, evolution 1
a: Smiting, Recall Orcish Followers, Give Item to Named Follower, Resurrection,
Renounce Religion


You were on level 1 of the Depths.
You worshipped Beogh.
Beogh was exalted by your worship.
You were not hungry.

You visited 5 branches of the dungeon, and saw 27 of its levels.
You visited 1 bazaar.
You also visited: Bailey and Volcano.

You collected 3231 gold pieces.
You spent 1344 gold pieces at shops.

Inventory:

Hand Weapons
 s - a +6 trident of piercing (weapon)
 P - a +0 bardiche
Missiles
 X - 6 throwing nets (quivered)
Armour
 a - a +0 pair of gloves of dexterity (worn)
 i - a +1 helmet of intelligence (worn)
 j - a +2 cloak of fire resistance (worn)
 o - the +1 plate armour of Muguip (worn) {rF+ rC+}
   (You acquired it on level 1 of the Depths)

   It protects you from fire.
   It protects you from cold.
 K - a +1 pair of boots (worn)
 R - a +0 large shield of protection (worn)
Jewellery
 v - an uncursed ring of see invisible
 y - an uncursed ring of protection from magic
 S - a ring of ice (left hand)
 V - a ring of protection from fire (right hand)
Wands
 p - a wand of hasting (7/9)
 Q - a wand of disintegration (11/24)
 Y - a wand of digging (11/24)
Scrolls
 b - 2 scrolls of vulnerability {unknown}
 c - 12 scrolls of teleportation
 l - 6 scrolls of summoning
 m - 4 scrolls of blinking
 r - 10 scrolls of enchant armour
 t - 11 scrolls of enchant weapon
 x - a scroll of identify
 z - 13 scrolls of remove curse
 D - 4 scrolls of recharging
 N - 3 scrolls of magic mapping
 O - a scroll of silence
Potions
 d - 7 potions of might
 e - 3 potions of agility
 h - 3 potions of cancellation
 n - 8 potions of curing
 q - 5 potions of haste
 C - a potion of experience
 E - 9 potions of flight
 F - 2 potions of berserk rage
 G - 2 potions of magic
 I - a potion of invisibility
 J - 2 potions of ambrosia
 M - 4 potions of brilliance
 U - 3 potions of resistance
 W - 12 potions of heal wounds
Books
 u - a book of Conjurations

   Spells                             Type                      Level
   a - Magic Dart                     Conjuration                  1
   b - Searing Ray                    Conjuration                  2
   c - Dazzling Spray                 Conjuration/Hexes            3
   d - Fulminant Prism                Conjuration/Hexes            4
   e - Iskenderun's Mystic Blast      Conjuration                  4
   f - Iskenderun's Battlesphere      Conjuration/Charms           5
 B - a book of the Dragon

   Spells                             Type                      Level
   a - Flame Tongue                   Conjuration/Fire             1
   b - Cause Fear                     Hexes                        4
   c - Bolt of Fire                   Conjuration/Fire             6
   d - Dragon Form                    Transmutation                7
   e - Dragon's Call                  Summoning                    9
 T - a manual of Stealth
Comestibles
 f - 13 bread rations
 g - 10 fruits
 k - 9 meat rations
 A - 5 beef jerkies
 H - a slice of pizza
 Z - a royal jelly


   Skills:
 + Level 13.0 Fighting
 * Level 21.2 Polearms
 * Level 8.4 Armour
 - Level 3.0 Dodging
 - Level 15.1 Shields


You had 15 spell levels left.
You didn't know any spells.

Dungeon Overview and Level Annotations

Branches:
Dungeon (15/15)            Temple (1/1) D:5            Lair (8/8) D:10
  Swamp (0/4) Lair:6       Spider (0/4) Lair:3        Slime (0/6) Lair:6
    Orc (2/2) D:11            Elf (0/3) Orc:2        Vaults (0/5) D:13
 Depths (1/5) D:15

Altars:
Ashenzari
Dithmenos
Elyvilon
Fedhas
Gozag
Pakellas
Ru
The Shining One
Beogh
Jiyva
Lugonu

Shops:
Orc:2 [:*[(

Portals:
Hell: Depths:1
Abyss: Depths:1

Annotations:
D:9 exclusion: ice statue


Innate Abilities, Weirdness & Mutations

You can walk on water.
You are partially covered in icy blue scales (AC +1).
You have a somewhat thin skeletal structure (Dex +2, Stealth).
Armour fits poorly on your strangely shaped body.
You are dopey. (Int -2)
Your magical capacity is low (-10% MP).
Your spells are a little harder to cast, but a little more powerful.
You evolve.


Message History

Press: ? - help, v - describe, . - travel, g - get item
Here: a spark wasp (heavily wounded)
A shortbow of flaming.
There is something else lying underneath.
The floor, spattered with blood.
Unknown command.
You hit the spark wasp but do no damage.
The spark wasp barely misses you.
The spark wasp stings you but does no damage.
You block the spark wasp's attack. x2
Urug hits the spark wasp from afar with a +2 bardiche!
The spark wasp completely misses you.
Unknown command.
Unknown command.
You hit the spark wasp.
The spark wasp is heavily wounded.
You block the spark wasp's attack. x3; The spark wasp stings you!
* * * LOW HITPOINT WARNING * * *
The spark wasp shocks you!
You die...

.######## #o#
#.#...#.#o#.# .... #.#
#.#...#.#.#/# .....
###.#### #.#.#.#.#.#.#
.#.... #......#
#.#.#.#.#.#.# .#....
#......# #.#o#...#.#.#
.#}...
#......####.#.#...#.#..
.#
#...........#.#...#.#.. [
.#....y........#.#+#.#..
.
..(..Ry@o......#.o...#..
..♣♣♣..yyy......#.....#..
.♣ #♣..###.....#.....#..
♣..# #....#####..... ♣..
#..###...#o.... ...
#.##.....'..... ....
###......#..... ##.#.
##...⌠....(.... ....
##......÷)##o...


You could see a rakshasa, 5 spark wasps and the friendly Urug.

Vanquished Creatures
  Kirke (D:15)
  A fire giant (Depths:1)
  A dire elephant (D:15)
  A great orb of eyes (D:15)
  An ice dragon (Depths:1)
  4 hydras
  Erolcha (D:9)
  2 centaur warriors (D:14)
  4 tengu warriors
  2 deep troll shamans (Depths:1)
  7 death yaks
  An orc high priest (Orc:2)
  A spriggan berserker (Depths:1)
  5 skeletal warriors (D:15)
  3 deep trolls (Depths:1)
  An unseen horror (D:14)
  8 hill giants
  A deep elf mage (D:15)
  An orc knight (Orc:2)
  A statue (Volcano)
  2 griffons (D:15)
  2 wolf spiders (D:15)
  5 ugly things
  3 cyclopes
  A cyclops (shapeshifter) (Depths:1)
  A manticore (D:15)
  An oklob plant (Lair:6)
  A salamander (D:15)
  5 elephants
  4 black mambas
  A molten gargoyle (Volcano)
  2 gargoyles
  2 spiny frogs
  A rime drake (Lair:7)
  A komodo dragon (Lair:7)
  3 yaktaurs
  The ghost of Moloch the Carver, a novice HEFi (D:5)
  2 trolls
  A polar bear (shapeshifter) (D:13)
  A slime creature (D:14)
  A tengu conjurer (D:15)
  A giant leech (Lair:6)
  3 two-headed ogres
  16 blink frogs
  A hornet zombie (D:13)
  3 porcupines
  A vampire (D:13)
  4 wyverns
  16 yaks
  4 hippogriffs
  3 hungry ghosts
  A fire bat (Volcano)
  A basilisk (Lair:6)
  2 fire elementals (Volcano)
  A hippogriff (shapeshifter) (D:13)
  6 wargs
  A soldier ant (D:12)
  A water moccasin (Lair:7)
  3 ice beasts
  8 orc warriors
  The ghost of Moloch the Poker, an amateur HOFi (D:4)
  13 ogres
  3 phantoms
  8 centaurs
  6 crocodiles
  4 wolves
  A big kobold (D:9)
  14 giant frogs
  A wyvern skeleton (D:8)
  3 scorpions
  5 killer bees
  22 wights
  2 howler monkeys (D:7)
  3 crimson imps
  4 lava snakes (Volcano)
  4 jellies
  A centaur zombie (D:7)
  4 orc priests
  4 giant frog skeletons
  5 hounds
  2 centaur skeletons
  6 iguanas
  5 orc wizards
  8 worker ants
  8 sheep
  A hound skeleton (D:5)
  A howler monkey skeleton (D:4)
  A worker ant zombie (D:8)
  Robin (D:1)
  6 gnolls
  15 river rats
  14 adders
  2 shadow imps
  6 oozes
  An adder skeleton (D:8)
  4 worms
  4 dart slugs
  3 giant geckos
  30 orcs
  8 bats
  6 giant cockroaches
  19 goblins
  14 hobgoblins
  13 jackals
  16 kobolds
  2 quokkas (D:4)
  4 giant newts
  A quokka skeleton (D:4)
  A quokka zombie (D:6)
  13 rats
  A plant (Orc:1)
488 creatures vanquished.

Vanquished Creatures (collateral kills)
  2 orc warlords
  3 stone giants
  An ettin (D:14)
  A rakshasa (D:14)
  A yaktaur captain (D:14)
  5 hydras
  Harold (D:10)
  Fannar (D:10)
  2 centaur warriors
  A catoblepas (Lair:8)
  A deep troll earth mage (Depths:1)
  2 death knights
  A deep troll shaman (Depths:1)
  10 death yaks
  A tengu warrior (D:13)
  Nergalle (D:10)
  2 orc high priests (Orc:2)
  A deep troll (Depths:1)
  3 skeletal warriors (D:15)
  An unseen horror (D:10)
  6 orc knights
  12 hill giants
  A lindwurm (Lair:8)
  An orb spider (shapeshifter) (Depths:1)
  8 ugly things
  An oklob plant (Lair:6)
  4 orc sorcerers (Orc:2)
  3 deep elf magi
  A wolf spider (D:12)
  2 griffons
  2 cyclopes
  10 elephants
  2 centaur zombies (D:12)
  6 black mambas
  A torpor snail (Lair:8)
  5 spiny frogs
  2 rime drakes (Lair:8)
  2 freezing wraiths (D:14)
  A yaktaur (D:15)
  2 kobold demonologists (D:12)
  9 komodo dragons
  A tengu conjurer (D:15)
  6 trolls
  2 giant leeches
  3 boulder beetles
  3 slime creatures (D:14)
  18 blink frogs
  2 redbacks (Lair:3)
  A shadow (D:15)
  A redback (shapeshifter) (D:13)
  2 wraiths
  15 yaks
  6 basilisks
  A hungry ghost (D:10)
  2 hogs (D:15)
  5 hippogriffs
  2 wargs (Orc:1)
  A naga (shapeshifter) (D:13)
  7 water moccasins
  5 porcupines
  A sky beast (D:12)
  An ice beast (D:14)
  14 orc warriors
  A necrophage (D:13)
  9 ogres
  An eye of draining (D:15)
  A centaur (D:15)
  6 wolves
  10 crocodiles
  6 giant frogs
  2 big kobolds
  5 wights (D:12)
  A crimson imp (D:14)
  2 quasits
  2 giant frog zombies
  2 jellies (Lair:6)
  14 orc priests
  An orc wizard (Orc:2)
  5 iguanas
  2 worker ants
  8 sheep
  An adder (D:10)
  2 gnolls (Orc:2)
  30 river rats
  2 shadow imps
  A giant gecko (D:11)
  18 orcs
  2 jackals (D:11)
  5 kobolds
  8 fungi
  7 plants
375 creatures vanquished.

Vanquished Creatures (others)
  An orc warlord (Depths:1)
  A deep troll (Depths:1)
  2 hill giants (Orc:1)
  7 orc knights
  17 orc warriors
  A spiny frog (Lair:8)
  12 orc priests
  12 orc wizards
  87 orcs
  A kobold (D:9)
  4 plants
145 creatures vanquished.

Grand Total: 1008 creatures vanquished

Notes
Turn   | Place    | Note
--------------------------------------------------------------
     0 | D:1      | Moloch the Hill Orc Fighter began the quest for the Orb.
     0 | D:1      | Reached XP level 1. HP: 19/19 MP: 1/1
   133 | D:1      | Reached XP level 2. HP: 26/26 MP: 2/2
   135 | D:1      | Reached skill level 3 in Polearms
   350 | D:1      | Reached XP level 3. HP: 24/31 MP: 3/3
   354 | D:1      | Reached skill level 4 in Polearms
   993 | D:2      | Noticed Robin
  1026 | D:1      | Killed Robin
  1026 | D:1      | Reached XP level 4. HP: 27/39 MP: 4/4
  1196 | D:2      | Found a sacrificial altar of Ru.
  1254 | D:2      | Reached skill level 5 in Polearms
  1486 | D:2      | Reached XP level 5. HP: 45/45 MP: 5/5
  1842 | D:3      | Found a shadowy altar of Dithmenos.
  2055 | D:3      | Reached skill level 6 in Polearms
  2917 | D:4      | Reached XP level 6. HP: 51/51 MP: 6/6
  3113 | D:4      | Noticed a phantom
  3133 | D:4      | Killed a phantom
  3133 | D:4      | Reached skill level 7 in Polearms
  3269 | D:4      | Noticed Moloch's ghost (amateur HOFi)
  3316 | D:4      | Killed Moloch's ghost
  3316 | D:4      | Reached skill level 8 in Polearms
  3316 | D:4      | Reached XP level 7. HP: 35/57 MP: 7/7
  3597 | D:4      | Reached skill level 9 in Polearms
  3943 | D:5      | Entered Level 5 of the Dungeon
  4003 | D:5      | Became a worshipper of Beogh the Brigand
  4159 | D:4      | Reached XP level 8. HP: 34/66 MP: 8/8
  4284 | D:5      | Noticed a yak
  4287 | D:5      | Noticed a yak
  4291 | D:5      | Noticed a yak
  4292 | D:5      | Noticed a yak
  4299 | D:4      | Killed a yak
  4394 | D:5      | Reached skill level 10 in Polearms
  4430 | D:5      | Found a staircase to the Ecumenical Temple.
  4485 | D:5      | Killed a yak
  4496 | D:5      | Killed a yak
  4506 | D:5      | Killed a yak
  4506 | D:5      | Reached skill level 5 in Shields
  4736 | D:5      | Reached skill level 5 in Fighting
  4770 | D:5      | Reached skill level 11 in Polearms
  4770 | D:5      | Reached XP level 9. HP: 57/74 MP: 9/9
  5002 | D:5      | Reached * piety under Beogh
  5043 | D:5      | Noticed Moloch's ghost (novice HEFi)
  5059 | Temple   | Entered the Ecumenical Temple
  5306 | D:5      | Killed Moloch's ghost
  6108 | D:7      | Reached skill level 12 in Polearms
  6236 | D:7      | You fall through a shaft for 2 floors!
  6334 | D:9      | Reached XP level 10. HP: 68/83 MP: 10/10
  6626 | D:8      | Reached ** piety under Beogh
  6878 | D:7      | Found an oddly glowing altar of Pakellas.
  7294 | D:7      | Found an opulent altar of Gozag.
  7576 | D:8      | Reached skill level 13 in Polearms
  7793 | D:9      | Noticed an ice statue
  8075 | D:9      | Noticed Erolcha
  8431 | D:9      | Reached *** piety under Beogh
  8666 | D:9      | HP: 2/86 [Erolcha/bolt of cold (28)]
  9054 | D:9      | Found an opulent altar of Gozag.
  9055 | D:9      | Found a glowing golden altar of the Shining One.
  9055 | D:9      | Found a blossoming altar of Fedhas.
  9141 | D:9      | Found a shattered altar of Ashenzari.
  9262 | D:9      | Killed Erolcha
  9262 | D:9      | Reached XP level 11. HP: 87/92 MP: 11/11
  9322 | D:9      | Reached skill level 14 in Polearms
  9395 | D:10     | Entered Level 10 of the Dungeon
  9399 | D:10     | Noticed a hill giant
  9490 | D:10     | Killed a hill giant
  9526 | D:10     | Noticed Urug
  9527 | D:10     | Found a flagged portal.
  9534 | D:10     | Got a fine halberd
  9537 | Bailey   | Entered a bailey
  9594 | Bailey   | Identified the cursed +3 halberd of Contention {antimagic, rC+ Str+4} (You found it on level 10 of the Dungeon)
  9680 | Bailey   | Reached skill level 10 in Shields
  9747 | Bailey   | Noticed an orc knight
  9757 | Bailey   | Gained Urtork as an ally
  9774 | Bailey   | Killed an orc knight
  9804 | Bailey   | Noticed an orc knight
  9826 | Bailey   | Your ally Urtork died
  9827 | Bailey   | Killed an orc knight
  9898 | D:10     | Killed an unseen horror
  9945 | D:10     | Noticed Nergalle
  9954 | D:10     | Killed Nergalle
  9969 | D:10     | Noticed Harold
  9975 | D:10     | Killed Harold
  9987 | D:10     | Noticed a hill giant
  9992 | D:10     | Killed a hill giant
 10206 | D:10     | Found a staircase to the Lair.
 10359 | D:10     | Noticed a red ugly thing
 10360 | D:10     | Noticed Fannar
 10365 | D:10     | Killed Fannar
 10370 | D:10     | Killed a red ugly thing
 10403 | D:10     | Reached skill level 15 in Polearms
 10493 | D:11     | Reached **** piety under Beogh
 10605 | D:11     | Found a flickering gateway to a bazaar.
 10614 | Bazaar   | Entered a bazaar
 10614 | Bazaar   | Found Ceud's Antique Weapon Emporium.
 10614 | Bazaar   | Found Zireerph's Assorted Antiques.
 10614 | Bazaar   | Found Imaob's General Store.
 10614 | Bazaar   | Found Junlobul's Antique Armour Shop.
 10616 | Bazaar   | Found Wuattieb's Weapon Boutique.
 10667 | Bazaar   | Bought a wand of hasting (7/9) for 726 gold pieces
 10760 | D:11     | Noticed a five-headed hydra
 10768 | D:11     | Killed a five-headed hydra
 10779 | D:11     | Noticed a hill giant
 10784 | D:11     | Killed a hill giant
 11087 | D:11     | Found a roughly hewn altar of Beogh.
 11088 | D:11     | Found a staircase to the Orcish Mines.
 11127 | Orc:1    | Entered Level 1 of the Orcish Mines
 11327 | Orc:1    | Noticed an orc knight
 11333 | Orc:1    | Reached XP level 12. HP: 101/103 MP: 12/12
 11337 | Orc:1    | Reached ***** piety under Beogh
 11741 | Orc:1    | Reached skill level 16 in Polearms
 11868 | Orc:1    | Noticed a stone giant
 11885 | Orc:1    | Killed a stone giant
 11907 | Orc:1    | Got a twisted trident
 11908 | Orc:1    | Identified the cursed +1 trident of Ramuets {drain, rN+ Int+3} (You found it on level 1 of the Orcish Mines)
 11916 | Orc:1    | Got a fine quick blade
 11917 | Orc:1    | Identified the +6 quick blade "Kamp" {pain, rElec Stlth+} (You found it on level 1 of the Orcish Mines)
 12092 | Orc:2    | Entered Level 2 of the Orcish Mines
 12201 | Orc:2    | Found a staircase to the Elven Halls.
 12231 | Orc:2    | Found Ceipluam's Armour Boutique.
 13096 | Orc:2    | Noticed an orc high priest
 13101 | Orc:2    | Gained Brandogh as an ally
 13103 | Orc:2    | Killed an orc high priest
 13107 | Orc:2    | Noticed an orc warlord
 13109 | Orc:2    | Noticed an orc high priest
 13109 | Orc:2    | Noticed an orc high priest
 13119 | Orc:2    | Killed an orc warlord
 13119 | Orc:2    | Reached skill level 10 in Fighting
 13120 | Orc:2    | Reached skill level 17 in Polearms
 13120 | Orc:2    | Gained Grimold as an ally
 13124 | Orc:2    | Killed an orc high priest
 13125 | Orc:2    | Your ally Brandogh died
 13126 | Orc:2    | Reached XP level 13. HP: 63/113 MP: 13/13
 13131 | Orc:2    | Gained Zartorak as an ally
 13147 | Orc:2    | Found Keotud's General Store.
 13355 | Orc:2    | Found Yrphaext's Antique Armour Shoppe.
 13355 | Orc:2    | Found Onouhaq's Antique Weapon Shoppe.
 13357 | Orc:2    | Found Cuaqaon's Book Emporium.
 13373 | Orc:2    | Bought a shiny helmet for 135 gold pieces
 13393 | Orc:2    | Bought a +6 trident of piercing for 483 gold pieces
 13462 | Orc:2    | Found a roughly hewn altar of Beogh.
 13633 | Lair:1   | Entered Level 1 of the Lair of Beasts
 13784 | Lair:1   | Gained Marbaugh as an ally
 14346 | Lair:2   | Your ally Zartorak died
 15052 | Lair:3   | Gained Borgun as an ally
 15065 | Lair:3   | Gained Borgun as an ally
 15108 | Lair:3   | Found a hole to the Spider Nest.
 15121 | Lair:3   | Your ally Borgun died
 15528 | Lair:3   | Your ally Borgun died
 15998 | Lair:4   | Reached ****** piety under Beogh
 16150 | Lair:4   | Found a dark tunnel.
 16159 | Volcano  | Entered a volcano
 16278 | Volcano  | Found a radiant altar of Vehumet.
 16637 | Lair:4   | Reached skill level 18 in Polearms
 16934 | Lair:4   | Gained Bogdan as an ally
 17248 | Lair:4   | You fall through a shaft!
 18662 | Lair:5   | Your ally Bogdan died
 18902 | Lair:6   | Found a staircase to the Swamp.
 18966 | Lair:6   | Your ally Grimold died
 18986 | Lair:6   | Reached XP level 14. HP: 55/122 MP: 14/14
 19633 | Lair:6   | Found a runed door.
 19633 | Lair:6   | Found a viscous altar of Jiyva.
 19633 | Lair:6   | Found a staircase to the Slime Pits.
 20080 | Lair:7   | Got a dazzling longbow
 20081 | Lair:7   | Identified the +5 longbow "Xagyter" {flame, rC+ MR+ Stlth+} (You found it on level 7 of the Lair of Beasts)
 20124 | Lair:7   | Reached skill level 19 in Polearms
 20622 | Lair:8   | Entered Level 8 of the Lair of Beasts
 21082 | Lair:8   | Reached skill level 15 in Shields
 22092 | D:12     | Reached XP level 15. HP: 132/132 MP: 13/15
 22253 | D:12     | Reached skill level 1 in Dodging
 22348 | D:12     | Got a bloodstained battleaxe
 22349 | D:12     | Identified the +11 battleaxe of Izomiock {venom, *Corrode Int+10 Stlth-} (You found it on level 12 of the Dungeon)
 22431 | D:12     | Gained mutation: You are partially covered in icy blue scales (AC +1). [mutagenic meat]
 22433 | D:12     | Gained mutation: You expend magic power (3 MP) to strengthen your wands. [mutagenic meat]
 22434 | D:12     | Gained mutation: Your body sometimes deteriorates upon taking damage. [mutagenic meat]
 22829 | D:13     | Gained mutation: You are occasionally teleported next to monsters. [mutagenic meat]
 22830 | D:13     | Lost mutation: You expend magic power (3 MP) to strengthen your wands. [mutagenic meat]
 22831 | D:13     | Gained mutation: You evolve. [mutagenic meat]
 22832 | D:13     | Gained mutation: Scrolls take you a little longer to read. [potion of mutation]
 22833 | D:13     | Lost mutation: Your body sometimes deteriorates upon taking damage. [potion of cure mutation]
 22833 | D:13     | Lost mutation: You evolve. [potion of cure mutation]
 22833 | D:13     | Lost mutation: Scrolls take you a little longer to read. [potion of cure mutation]
 23039 | D:13     | Found a gate to the Vaults.
 23052 | D:13     | Gained mutation: Armour fits poorly on your strangely shaped body. [mutagenic meat]
 23053 | D:13     | Gained mutation: You have a somewhat thin skeletal structure (Dex +2, Stealth). [mutagenic meat]
 23105 | D:13     | Reached skill level 20 in Polearms
 23110 | D:13     | Reached skill level 5 in Armour
 24004 | D:14     | Noticed an orc warlord
 24022 | D:14     | Killed an orc warlord
 24273 | D:14     | Gained mutation: You are agile. (Dex +2) [mutagenic meat]
 24275 | D:14     | Lost mutation: You are agile. (Dex +2) [mutagenic meat]
 24276 | D:14     | Lost mutation: You are occasionally teleported next to monsters. [mutagenic meat]
 24278 | D:14     | Gained mutation: Your spells are a little harder to cast, but a little more powerful. [mutagenic meat]
 24421 | D:14     | Found a white marble altar of Elyvilon.
 24652 | D:15     | Entered Level 15 of the Dungeon
 24696 | D:15     | Found a staircase to the Depths.
 25445 | D:15     | Noticed Kirke
 25457 | D:15     | Noticed a sphinx
 25467 | D:15     | Killed Kirke
 25476 | D:15     | Gained Nordag as an ally
 25549 | D:15     | Your ally Nordag died
 25785 | D:15     | Reached XP level 16. HP: 141/141 MP: 16/16
 25900 | Depths:1 | Entered Level 1 of the Depths
 26127 | Depths:1 | Found a gateway to Hell.
 26229 | Depths:1 | Found a corrupted altar of Lugonu.
 26234 | Depths:1 | Found a one-way gate to the infinite horrors of the Abyss.
 26238 | Depths:1 | Gained mutation: You evolve. [mutagenic meat]
 26242 | Depths:1 | Identified a scroll of acquirement
 26245 | Depths:1 | Got a slimy plate armour
 26256 | Depths:1 | Identified the +1 plate armour of Muguip {rF+ rC+} (You acquired it on level 1 of the Depths)
 26302 | Depths:1 | Reached skill level 21 in Polearms
 26717 | Depths:1 | Gained mutation: You are dopey. (Int -2) [mutagenic meat]
 26718 | Depths:1 | Gained mutation: Your magical capacity is low (-10% MP). [mutagenic meat]
 26993 | Depths:1 | Your ally Marbaugh died
 26997 | Depths:1 | HP: 5/143 [spark wasp (14)]
 26997 | Depths:1 | Mangled by a spark wasp

Skill      XL: |  1  2  3  4  5  6  7  8  9 10 11 12 13 14 15 16 |
---------------+-------------------------------------------------+-----
Polearms       | 3 4 5 6 8 9 11 12 13 15 17 18 19 20 21 | 21.2
Fighting       | 5 6 7 8 10 12 13 | 13.0
Shields        | 5 7 9 11 12 13 15 | 15.1
Dodging        | 3 |  3.0
Armour         | 7 8 |  8.4

Action                   |  1- 3 |  4- 6 |  7- 9 | 10-12 | 13-15 | 16-18 || total
-------------------------+-------+-------+-------+-------+-------+-------++-------
Melee: Trident           |   145 |   345 |   516 |   835 |  1019 |    94 ||  2954
Throw: Javelin           |       |       |     5 |     7 |       |       ||    12
Invok: Convert to Beogh  |       |       |     1 |       |       |       ||     1
       Recall Orcish Fol |       |       |       |     1 |    13 |       ||    14
  Use: Potion            |       |       |    12 |     6 |     4 |       ||    22
       Scroll            |       |       |     7 |    11 |    13 |     6 ||    37
 Stab: Invisible         |       |       |       |     5 |       |       ||     5
       Distracted        |       |       |       |       |     9 |     1 ||    10
  Eat: Chunk             |       |     8 |    11 |    20 |    54 |     8 ||   101
       Beef jerky        |       |       |       |     2 |       |       ||     2
       Royal jelly       |       |       |       |     1 |       |       ||     1
       Pizza             |       |       |       |       |     2 |       ||     2
Armor: Scale mail        |    66 |   105 |   111 |       |       |       ||   282
       Chain mail        |       |       |    26 |    41 |       |       ||    67
       Plate armour      |       |       |       |    95 |   272 |    24 ||   391
       Skin              |       |       |       |     3 |       |       ||     3
Dodge: Dodged            |    47 |    46 |    95 |    34 |    59 |    21 ||   302
Block: Shield            |    64 |     8 |       |       |       |       ||    72
       Large shield      |       |   162 |   391 |   398 |   690 |   101 ||  1742
